cohdb
Replays
Latest Replays
All Replays
Popular Replays
Top Player Replays
Match Explorer
How It Works
Community
CoH3 Stats
Reddit
Sign in to upload your games and track your stats! →
Sign in with Steam
Match 41434774
Unlisted
Match 41434774
Overview
Messages
Build Orders
End
Engineer Squad
Construct Barracks
Selects Heavy Weapons
Riflemen Squad
Riflemen Squad
Construct Weapon Support Center
M1919 Machine Gun Team
Selects M2HB .50cal Heavy Machine Gun
M1 Mortar Team
Grenade Package
Infantry Support Center
M3 Armored Personnel Carrier
Selects Assault Carriers
M3 Assault Carrier
Selects Exchangeable Parts
M1919 Machine Gun Team
Riflemen Squad
SgtSteiner
Wind
0
0
Comments
sign in to comment!
No comments posted yet!